[Event "Titled Tuesday Blitz March 29 Early 2022"]
[White "Caruana, Fabiano"]
[Black "Oganian, Miran"]
[WhiteFideId "2020009"]
[BlackFideId "4122488"]
[WhiteElo "2744"]
[BlackElo "2357"]
[Result "0-1"]
[Round "05"]
[TimeControl "180+1"]
[Date "2022.03.29"]
[WhiteClock "0:00:01"]
[BlackClock "0:00:05"]

1. d4 e6 2. Nf3 d5 3. Bf4 Nf6 4. e3 g6 5. c4 Bg7 6. Nc3 O-O 7. Rc1 c6 8. Bd3 Nbd7 9. O-O b6 10. cxd5 exd5 11. b4 b5 12. a4 a6 13. e4 dxe4 14. Nxe4 Nd5 15. Bd6 Re8 16. axb5 cxb5 17. Qd2 Bb7 18. Rfe1 N7b6 19. Bc5 Nc4 20. Bxc4 bxc4 21. Nd6 Rxe1+ 22. Qxe1 Bc6 23. Nxc4 Nf4 24. Rc3 g5 25. Nce5 Bd5 26. h3 h5 27. Re3 f6 28. Nd3 Nxg2 29. Qe2 Nxe3 30. Qxe3 Qe8 31. Nd2 Qxe3 32. fxe3 f5 33. Kf2 g4 34. Nf4 Bf7 35. h4 Bf6 36. Kg3 Re8 37. d5 Be5 38. Nc4 Bxd5 39. Nxe5 Rxe5 40. Bd4 Re6 41. Nxd5 Kf7 42. Nf4 Rc6 43. Nxh5 Rc4 44. Kf4 Rxb4 45. Kxf5 a5 46. Ng3 a4 47. Bh8 a3 48. h5 a2 49. h6 Kg8 50. Ba1 Rb1 51. Bc3 Rb3 52. Ba1 Rxe3 53. Nh5 Re1 54. Nf6+ Kh8 55. Bd4 a1=Q 56. Bxa1 Rxa1 57. Kxg4 Rg1+ 58. Kf5 Rf1+ 59. Kg6 Rg1+ 60. Kf7 Rg2 61. Ke6 Rg6 62. Kf5 Rxh6 63. Kg5 Rh1 64. Ng4 Rg1 65. Kf4 Ra1 66. Ne3 Kg7 67. Ke4 Kf6 68. Nd5+ Kg5 69. Ne3 Ra4+ 70. Kd3 Ra3+ 71. Kd4 Ra4+ 72. Nc4 Kf5 73. Kc5 Ra1 74. Kb5 Ke4 75. Nd6+ Kd5 76. Nc8 Rb1+ 77. Ka6 Kc6 78. Ne7+ Kc5 79. Ka7 Kd6 80. Nf5+ Ke5 81. Ne7 Kd6 82. Nf5+ Kc7 83. Ka6 Kc6 84. Nd4+ Kc5 85. Ne6+ Kd6 86. Nd4 Rb4 87. Nc2 Rc4 88. Ne3 Rc3 89. Nf5+ Kc6 90. Nd4+ Kd5 91. Nb5 Rb3 92. Nc7+ Kc6 93. Ne6 Ra3# 0-1


[Site "https://www.chess.com"]

[Event "Titled Tuesday Blitz March 29 Early 2022"]
[White "Chernyavsky, Alexander"]
[Black "Al-Tarboush, Ward"]
[WhiteFideId "24131156"]
[BlackFideId "7601450"]
[WhiteElo "2292"]
[BlackElo "2276"]
[Result "0-1"]
[Round "05"]
[TimeControl "180+1"]
[Date "2022.03.30"]
[WhiteClock "0:00:02"]
[BlackClock "0:01:36"]

1. d4 d5 2. c4 c6 3. Nf3 Nf6 4. Nc3 dxc4 5. a4 Bf5 6. Ne5 Nbd7 7. Nxc4 Nb6 8. Ne5 a5 9. Bg5 h6 10. Bh4 g5 11. Bg3 Bg7 12. e3 O-O 13. h4 g4 14. Bd3 Bxd3 15. Qxd3 h5 16. f3 Nbd5 17. Nxd5 Qxd5 18. e4 Qd6 19. fxg4 hxg4 20. O-O Nh5 21. Rad1 Nxg3 22. Qxg3 Bxe5 23. dxe5 Qg6 24. Rf5 f6 25. Rf4 Kh8 26. Rxg4 Qh6 27. Rg6 Qh5 28. Qf4 Qxg6 29. exf6 Rxf6 0-1


[Site "https://www.chess.com"]

[Event "Titled Tuesday Blitz March 29 Early 2022"]
[White "Csonka, Balazs"]
[Black "Chigaev, Maksim"]
[WhiteFideId "742910"]
[BlackFideId "4108116"]
[WhiteElo "2404"]
[BlackElo "2502"]
[Result "0-1"]
[Round "05"]
[TimeControl "180+1"]
[Date "2022.03.29"]
[WhiteClock "0:00:03"]
[BlackClock "0:00:25"]

1. d4 Nf6 2. c4 g6 3. Nc3 d5 4. cxd5 Nxd5 5. e4 Nxc3 6. bxc3 Bg7 7. Be3 c5 8. Rc1 O-O 9. Nf3 Bg4 10. Be2 Qa5 11. O-O Qxa2 12. h3 Bc8 13. Qd3 Qa5 14. d5 Nd7 15. c4 Qc7 16. h4 a5 17. h5 a4 18. Bg5 Ne5 19. Nxe5 Bxe5 20. hxg6 fxg6 21. g3 a3 22. f4 Bd4+ 23. Kh2 a2 24. Ra1 e5 25. Qd2 Qa5 26. Qc2 Qc3 27. Qxc3 Bxc3 28. Rfc1 Bd4 29. Rd1 Bxa1 30. Rxa1 b6 31. Kg2 Re8 32. Kf2 Ra4 33. Ke3 Ra3+ 34. Kd2 exf4 35. gxf4 Rxe4 36. Bd3 Rd4 0-1


[Site "https://www.chess.com"]

[Event "Titled Tuesday Blitz March 29 Early 2022"]
[White "Czerw, Dawid"]
[Black "Tregubov, Pavel V."]
[WhiteFideId "1145746"]
[BlackFideId "4115341"]
[WhiteElo "2125"]
[BlackElo "2341"]
[Result "0-1"]
[Round "05"]
[TimeControl "180+1"]
[Date "2022.03.30"]
[WhiteClock "0:00:02"]
[BlackClock "0:00:15"]

1. e4 e6 2. d4 d5 3. Bd3 dxe4 4. Bxe4 Nf6 5. Bf3 Nbd7 6. Ne2 Bd6 7. Nbc3 e5 8. Be3 O-O 9. Qd2 Re8 10. g3 exd4 11. Nxd4 Ne5 12. Be2 Bg4 13. O-O-O Bb4 14. Ndb5 c6 15. Qxd8 Rexd8 16. Nd4 Bxc3 17. bxc3 Nd5 18. Bd2 c5 19. f3 Bh5 20. g4 cxd4 21. gxh5 Nxc3 22. Bxc3 dxc3 23. f4 Nc6 24. Bf3 Nd4 25. Bxb7 Rab8 26. Ba6 Rb2 27. Bd3 Rdb8 0-1


[Site "https://www.chess.com"]

[Event "Titled Tuesday Blitz March 29 Early 2022"]
[White "De Souza, Cristiano Gomes"]
[Black "Yanayt, Eugene"]
[WhiteFideId "2151758"]
[BlackFideId "2020165"]
[WhiteElo "2068"]
[BlackElo "2046"]
[Result "0-1"]
[Round "05"]
[TimeControl "180+1"]
[Date "2022.03.30"]
[WhiteClock "0:00:03"]
[BlackClock "0:00:17"]

1. d4 Nf6 2. c4 g6 3. Nc3 Bg7 4. e4 d6 5. Nf3 O-O 6. Be2 e5 7. O-O Nc6 8. d5 Ne7 9. Ne1 Nd7 10. Be3 f5 11. f3 f4 12. Bf2 g5 13. Nb5 b6 14. b4 a6 15. Nc3 Nf6 16. Nd3 h5 17. c5 g4 18. Rc1 Rf7 19. cxb6 cxb6 20. Na4 Rb8 21. Nxb6 Rxb6 22. Bxb6 Qxb6+ 23. Kh1 Bf8 24. a4 Rg7 25. a5 Qd8 26. Nf2 g3 27. Nd3 Nfxd5 28. exd5 Nc6 29. Nf2 Qh4 30. h3 gxf2 31. Rxf2 Qxf2 32. Qf1 Qxf1+ 33. Bxf1 Ne7 34. b5 axb5 35. Bxb5 Bb7 36. a6 Bxd5 37. a7 Kh7 38. Bc4 Ba8 39. Bd3+ Ng6 40. Rc8 Rxa7 41. Rxf8 Kg7 42. Rd8 d5 43. Bf5 Ne7 44. Be6 e4 45. fxe4 dxe4 46. Kh2 e3 47. Bc4 Be4 48. Rd4 f3 49. gxf3 Bxf3 0-1


[Site "https://www.chess.com"]

[Event "Titled Tuesday Blitz March 29 Early 2022"]
[White "Demchenko, Anton"]
[Black "Taboas Rodriguez, Daniel"]
[WhiteFideId "4160258"]
[BlackFideId "2208466"]
[WhiteElo "2539"]
[BlackElo "2429"]
[Result "1-0"]
[Round "05"]
[TimeControl "180+1"]
[Date "2022.03.29"]
[WhiteClock "0:00:53"]
[BlackClock "0:00:10"]

1. a3 d5 2. Nf3 Bg4 3. g3 Nd7 4. Bg2 e5 5. d3 Bd6 6. h3 Bh5 7. O-O c6 8. Nbd2 Ngf6 9. e4 O-O 10. b3 Re8 11. Bb2 a5 12. Qe1 Qc7 13. Nh4 Bg6 14. Qe2 Nc5 15. Rfe1 b5 16. Nxg6 hxg6 17. exd5 cxd5 18. d4 exd4 19. Qxb5 d3 20. Rxe8+ Rxe8 21. Bxf6 Rb8 22. Bd8 Qxd8 23. Qc6 dxc2 24. Rc1 Nxb3 25. Nxb3 Rxb3 26. Rxc2 Bxa3 27. Bxd5 Rd3 28. Ba2 Rd1+ 29. Kg2 Bb4 30. h4 Qd7 31. Qf3 Qf5 32. Qxd1 1-0


[Site "https://www.chess.com"]

[Event "Titled Tuesday Blitz March 29 Early 2022"]
[White "Dev, Shah"]
[Black "Vovk, Orest"]
[WhiteFideId "35019058"]
[BlackFideId "14113490"]
[WhiteElo "2075"]
[BlackElo "2203"]
[Result "1-0"]
[Round "05"]
[TimeControl "180+1"]
[Date "2022.03.30"]
[WhiteClock "0:00:05"]
[BlackClock "0:00:02"]

1. d4 e5 2. dxe5 Nc6 3. Nf3 Qe7 4. Nbd2 Nxe5 5. Nxe5 Qxe5 6. Nf3 Qd6 7. Bd2 Nf6 8. e3 Qb6 9. Rb1 Ne4 10. Bd3 Nxd2 11. Qxd2 Be7 12. O-O d6 13. c4 O-O 14. b4 Bf6 15. Qc2 g6 16. c5 dxc5 17. bxc5 Qa5 18. Nd4 Bxd4 19. exd4 b6 20. Rb5 Qa3 21. c6 Ba6 22. Rb3 Bxd3 23. Rxd3 Qd6 24. d5 Rfe8 25. Rfd1 Re5 26. h3 Rae8 27. g3 h5 28. Kg2 h4 29. g4 Re2 30. R1d2 Re1 31. Rf3 R8e5 32. Qc4 g5 33. Qd4 Rc1 34. Rf5 Rxf5 35. gxf5 Re1 36. Qg4 f6 37. Qh5 Re7 38. Qg6+ Kh8 39. Qh6+ Rh7 40. Qg6 Qe5 41. Kf1 Rg7 42. Qh5+ Kg8 43. Re2 Qxe2+ 44. Qxe2 Re7 45. Qxe7 1-0


[Site "https://www.chess.com"]

[Event "Titled Tuesday Blitz March 29 Early 2022"]
[White "Dreev, Aleksey"]
[Black "Del Rio De Angelis, Salvador G."]
[WhiteFideId "4100107"]
[BlackFideId "2203138"]
[WhiteElo "2625"]
[BlackElo "2491"]
[Result "1-0"]
[Round "05"]
[TimeControl "180+1"]
[Date "2022.03.29"]
[WhiteClock "0:00:31"]
[BlackClock "0:00:29"]

1. d4 d6 2. e4 Nf6 3. Nc3 e5 4. Nf3 Nbd7 5. Bc4 Be7 6. O-O O-O 7. Re1 c6 8. a4 h6 9. h3 Re8 10. Be3 exd4 11. Nxd4 Bf8 12. Bf4 Ne5 13. Ba2 a5 14. Qd2 Ng6 15. Bh2 Qb6 16. Bb3 Bd7 17. Rad1 Rad8 18. Kh1 Bc8 19. f4 Qc5 20. Qd3 Qh5 21. Rf1 Nd7 22. Qc4 d5 23. exd5 Nb6 24. Qd3 cxd5 25. Rde1 Bb4 26. Rxe8+ Rxe8 27. Qb5 Nd7 28. Nxd5 Re4 29. Ne7+ Bxe7 30. Qxh5 Rxd4 31. Qxg6 1-0


[Site "https://www.chess.com"]

[Event "Titled Tuesday Blitz March 29 Early 2022"]
[White "Einarsson, Halldor Gretar"]
[Black "Demin, Vladimir"]
[WhiteFideId "2300150"]
[BlackFideId "4167457"]
[WhiteElo "2114"]
[BlackElo "2485"]
[Result "1-0"]
[Round "05"]
[TimeControl "180+1"]
[Date "2022.03.30"]
[WhiteClock "0:00:22"]
[BlackClock "0:00:40"]

1. d4 Nf6 2. c4 e6 3. g3 d5 4. Nf3 Be7 5. Bg2 O-O 6. O-O dxc4 7. Ne5 Nc6 8. Nxc6 bxc6 9. Na3 Bxa3 10. bxa3 Ba6 11. Qd2 Rb8 12. Qa5 Rb6 13. a4 Qxd4 14. Be3 Qb2 15. Bxb6 Qxb6 16. Qxb6 cxb6 17. Bxc6 Rc8 18. Bb5 Bb7 19. Rac1 c3 20. Rfd1 Kf8 21. Rd3 a6 22. Bd7 Rc7 23. Rcxc3 Rxc3 24. Rxc3 Nxd7 25. Rc7 Nc5 26. a5 Bd5 27. axb6 Nb7 28. f3 f5 29. Kf2 Nd6 30. a4 h5 31. Ke3 e5 32. Kd3 Nb7 33. e4 1-0


[Site "https://www.chess.com"]

[Event "Titled Tuesday Blitz March 29 Early 2022"]
[White "FGHSMN"]
[Black "Perez Gormaz, Matias"]
[BlackFideId "3406342"]
[WhiteElo "2763"]
[BlackElo "2327"]
[Result "1-0"]
[Round "05"]
[TimeControl "180+1"]
[Date "2022.03.29"]
[WhiteClock "0:01:09"]
[BlackClock "0:00:11"]

1. d4 d5 2. Nf3 e6 3. e3 a6 4. Bd3 Nf6 5. O-O b6 6. Nbd2 Bb7 7. b3 Nbd7 8. Bb2 Bd6 9. c4 O-O 10. Qe2 Ne4 11. cxd5 exd5 12. Rac1 Qe7 13. Bb1 a5 14. Nxe4 dxe4 15. Nd2 a4 16. Rfd1 axb3 17. axb3 Nf6 18. d5 Bxd5 19. Bxf6 Qxf6 20. Bxe4 Bxe4 21. Nxe4 Bxh2+ 22. Kxh2 Qh4+ 23. Kg1 Qxe4 24. Rxc7 Rfc8 25. Rcd7 g6 26. Qb5 Rc5 27. Qxb6 Rg5 28. Rd8+ Kg7 29. Qd4+ Qxd4 30. R8xd4 Ra2 31. Rb1 Rb5 32. b4 h5 33. g3 Rf5 34. Rf4 Rb5 35. Rc1 Rb2 36. Rc7 Rf5 37. Rxf5 gxf5 38. Rb7 Kg6 39. b5 Kg5 40. b6 Kg4 41. Kg2 Kg5 42. Rb8 Kf6 43. b7 Rb4 44. Kh3 Rb1 45. Kg2 Rb2 46. Kf1 Rb1+ 47. Ke2 Rb2+ 48. Kd3 Rb6 49. Kc4 Rb1 50. Kd5 Rd1+ 51. Kc6 Rb1 52. Kd7 Rd1+ 53. Kc6 Rb1 54. Rc8 1-0


[Site "https://www.chess.com"]

[Event "Titled Tuesday Blitz March 29 Early 2022"]
[White "Fajdetic, Hrvoje"]
[Black "Golubev, Mikhail"]
[WhiteFideId "14501945"]
[BlackFideId "14100983"]
[WhiteElo "2172"]
[BlackElo "2374"]
[Result "0-1"]
[Round "05"]
[TimeControl "180+1"]
[Date "2022.03.30"]
[WhiteClock "0:00:01"]
[BlackClock "0:00:31"]

1. d4 Nf6 2. Bf4 g6 3. Nc3 Bg7 4. e4 d6 5. Qd2 Nc6 6. O-O-O O-O 7. Bh6 Bxh6 8. Qxh6 e5 9. dxe5 Ng4 10. Qd2 Ngxe5 11. f4 Ng4 12. h3 Nf6 13. Nf3 Re8 14. e5 dxe5 15. Qxd8 Rxd8 16. Rxd8+ Nxd8 17. Nxe5 Ne6 18. Bc4 Nxf4 19. Bxf7+ Kg7 20. g4 Be6 21. Bxe6 Nxe6 22. Re1 Re8 23. Nf3 Nf4 24. Rxe8 Nxe8 25. h4 h5 26. gxh5 gxh5 27. Kd2 Kg6 28. Ke3 Kf5 29. Ne4 Ng2+ 30. Kd4 Kg4 31. Neg5 Nxh4 32. Nxh4 Kxg5 33. Nf3+ Kf4 34. Nh2 h4 35. Kd3 h3 36. Ke2 Kg3 37. Nf1+ Kg2 38. Ne3+ Kg1 0-1


[Site "https://www.chess.com"]

[Event "Titled Tuesday Blitz March 29 Early 2022"]
[White "Fernandez, Daniel Howard"]
[Black "Shandrygin, Nikita"]
[WhiteFideId "5801605"]
[BlackFideId "24198668"]
[WhiteElo "2813"]
[BlackElo "2502"]
[Result "1-0"]
[Round "05"]
[TimeControl "180+1"]
[Date "2022.03.30"]
[WhiteClock "0:00:55"]
[BlackClock "0:00:17"]

1. e4 c5 2. Nf3 e6 3. d4 cxd4 4. Nxd4 Nf6 5. Nc3 Nc6 6. Ndb5 Bb4 7. a3 Bxc3+ 8. Nxc3 d5 9. exd5 Nxd5 10. Bd2 O-O 11. Qf3 Nd4 12. Qe4 Nf6 13. Qd3 e5 14. O-O-O Bf5 15. Qg3 Bxc2 16. Bd3 Bxd3 17. Qxd3 Nb3+ 18. Kc2 Qxd3+ 19. Kxd3 Rfd8+ 20. Kc2 Nxd2 21. Rxd2 Rxd2+ 22. Kxd2 Rd8+ 23. Ke2 Kf8 24. Rc1 Rc8 25. h3 a6 26. Rd1 Ke7 27. g4 h6 28. Ke3 Ke6 29. f4 exf4+ 30. Kxf4 Rc4+ 31. Kf3 Nd7 32. Rd2 Ne5+ 33. Kf2 h5 34. gxh5 Rh4 35. Ne2 Kf6 36. Rd6+ Kg5 37. Ng3 Rxh3 38. Kg2 Kh4 39. Rd4+ Ng4 40. Nf5+ Kg5 1-0


[Site "https://www.chess.com"]

[Event "Titled Tuesday Blitz March 29 Early 2022"]
[White "Ferreira, Vitor Hugo Vieira"]
[Black "Moksh Amit Doshi"]
[WhiteFideId "2119765"]
[BlackFideId "25064967"]
[WhiteElo "2165"]
[BlackElo "2245"]
[Result "1-0"]
[Round "05"]
[TimeControl "180+1"]
[Date "2022.03.30"]
[WhiteClock "0:01:30"]
[BlackClock "0:00:20"]

1. e4 c5 2. Nf3 d6 3. d4 cxd4 4. Nxd4 Nf6 5. Nc3 a6 6. h3 e5 7. Nb3 Be7 8. Be3 h6 9. Qf3 b5 10. O-O-O b4 11. Nd5 Nxd5 12. exd5 a5 13. Kb1 Nd7 14. g4 a4 15. Nd2 Qc7 16. Nc4 Ba6 17. b3 Nc5 18. h4 Bxc4 19. Bxc4 Qa5 20. Qe2 Ne4 21. Bd2 axb3 22. Bxb3 Nc3+ 23. Bxc3 bxc3 24. Qe3 Bd8 25. g5 Bb6 26. Qc1 hxg5 27. hxg5 Rxh1 28. Rxh1 Bxf2 29. g6 Qa3 30. gxf7+ Kxf7 31. Qxa3 Rxa3 32. Rf1 g5 33. Rxf2+ Kg6 34. Rf3 g4 35. Rxc3 Kg5 36. Kb2 Ra7 37. Bc4 Kf4 38. Be2 g3 39. Rf3+ Ke4 40. Ra3 Kxd5 41. Rxa7 Ke4 42. Rg7 Kf4 43. Rg4+ Ke3 44. Rxg3+ Kxe2 45. Rd3 1-0


[Site "https://www.chess.com"]

[Event "Titled Tuesday Blitz March 29 Early 2022"]
[White "Fromm, Marius"]
[Black "Yang, Kaiqi"]
[WhiteFideId "12993190"]
[BlackFideId "8604398"]
[WhiteElo "2455"]
[BlackElo "2373"]
[Result "1-0"]
[Round "05"]
[TimeControl "180+1"]
[Date "2022.03.30"]
[WhiteClock "0:00:03"]
[BlackClock "0:00:01"]

1. e4 e6 2. d4 d5 3. Nc3 Bb4 4. e5 b6 5. a3 Bf8 6. Nf3 Qd7 7. h4 Ne7 8. h5 h6 9. Bf4 Bb7 10. Ne2 Nbc6 11. Ng3 Na5 12. Bd3 O-O-O 13. c3 Rg8 14. Bh7 Rh8 15. Bd3 g5 16. hxg6 fxg6 17. b4 Nc4 18. Qc1 Nf5 19. Nxf5 gxf5 20. Rh3 Qg7 21. Rg3 Qf7 22. a4 a6 23. a5 b5 24. Ke2 Kb8 25. Qh1 Rh7 26. Qh3 Be7 27. Rh1 Rdh8 28. Qh5 Qf8 29. Rg6 Bc8 30. Rh3 Bd7 31. Rxh6 Rxh6 32. Bxh6 Qg8 33. Rg3 Qh7 34. Rg7 Qxg7 35. Bxg7 Rxh5 36. g3 Nb2 37. Bc2 Rh7 38. Bf6 Be8 39. Ng5 Bh5+ 40. f3 Bxf6 41. Nxh7 Be7 42. Nf6 Bxf6 43. exf6 Kc8 44. Ke3 Kd7 45. Kf4 Ke8 46. g4 Bg6 47. Ke5 Kf7 48. gxf5 Bxf5 49. Bxf5 exf5 50. Kxf5 Na4 51. Ke5 Nxc3 52. f4 Ne2 53. Kxd5 Nxf4+ 54. Kc6 Ne6 55. Kb7 Nxd4 56. Kxa6 Nc2 57. Kxb5 Nd4+ 58. Kc5 Ne6+ 59. Kc6 1-0


[Site "https://www.chess.com"]

[Event "Titled Tuesday Blitz March 29 Early 2022"]
[White "Gaehwiler, Gabriel"]
[Black "Alinasab, Mobina"]
[WhiteFideId "1314530"]
[BlackFideId "12528897"]
[WhiteElo "2701"]
[BlackElo "2455"]
[Result "0-1"]
[Round "05"]
[TimeControl "180+1"]
[Date "2022.03.30"]
[WhiteClock "0:00:06"]
[BlackClock "0:00:07"]

1. Nf3 Nf6 2. c4 e6 3. g3 d5 4. Bg2 dxc4 5. Qc2 a6 6. Ne5 c5 7. Nxc4 Qc7 8. d3 Nc6 9. O-O Nd5 10. Nc3 Qd8 11. Rd1 b5 12. Ne3 Nd4 13. Qd2 Bb7 14. Ncxd5 exd5 15. b4 cxb4 16. Bb2 Bc5 17. Rac1 Bb6 18. Bxd4 Bxd4 19. Nf5 Bc3 20. Qe3+ Kd7 21. Bh3 Kc7 22. Rxc3+ bxc3 23. Qe5+ Kb6 24. Qd4+ Kc7 25. Qe5+ Kb6 26. Nd6 Qf6 27. Qe3+ d4 28. Qf4 Qxf4 29. gxf4 Rhf8 30. e3 dxe3 31. fxe3 Bc6 32. Rc1 b4 33. Nc4+ Kc7 34. d4 Bb5 35. Na5 Kb6 36. Nb3 a5 37. Nc5 a4 38. Kf2 f5 39. a3 b3 40. Bg2 b2 41. Rb1 Rac8 42. Ke1 c2 43. Rxb2 c1=Q+ 44. Kf2 Qxb2+ 45. Kg3 Rxc5 46. dxc5+ Kxc5 0-1


[Site "https://www.chess.com"]

[Event "Titled Tuesday Blitz March 29 Early 2022"]
[White "Garagulya, Konstantin"]
[Black "De Silva, L M S T"]
[WhiteFideId "4128931"]
[BlackFideId "9953698"]
[WhiteElo "2505"]
[BlackElo "2715"]
[Result "0-1"]
[Round "05"]
[TimeControl "180+1"]
[Date "2022.03.30"]
[WhiteClock "0:00:01"]
[BlackClock "0:00:57"]

1. d4 Nf6 2. Nf3 e6 3. Bg5 h6 4. Bh4 g5 5. Bg3 Bg7 6. Nbd2 Nh5 7. e4 d6 8. c3 Nd7 9. Bd3 b6 10. Bb5 Bb7 11. Qa4 Nxg3 12. hxg3 a6 13. Bd3 Qe7 14. Qc2 e5 15. d5 f5 16. exf5 Bxd5 17. Be4 c6 18. c4 Bxe4 19. Nxe4 d5 20. cxd5 cxd5 21. Qc6 Qb4+ 22. Ned2 Rd8 23. Qxd5 Nc5 24. Qc6+ Kf7 25. O-O Bf6 26. a3 Qa4 27. Qxb6 Nd3 28. b3 Qd7 29. Qxa6 Qxf5 30. Qc4+ Kg6 31. g4 Qf4 32. Qe4+ Kg7 33. g3 Qxe4 34. Nxe4 h5 35. Nfxg5 Kg6 36. Kg2 Bxg5 37. Nxg5 Kxg5 38. gxh5 Rxh5 39. Rad1 e4 40. f3 e3 0-1


[Site "https://www.chess.com"]

[Event "Titled Tuesday Blitz March 29 Early 2022"]
[White "Gareyev, Timur"]
[Black "Martinez Alcantara, Jose Eduardo"]
[WhiteFideId "14200937"]
[BlackFideId "3805662"]
[WhiteElo "2582"]
[BlackElo "2690"]
[Result "1-0"]
[Round "05"]
[TimeControl "180+1"]
[Date "2022.03.29"]
[WhiteClock "0:00:07"]
[BlackClock "0:00:33"]

1. d4 Nf6 2. c4 e6 3. Nc3 Bb4 4. e3 O-O 5. Nf3 b6 6. Bd2 Bb7 7. Bd3 Bxc3 8. Bxc3 Ne4 9. Bxe4 Bxe4 10. d5 f6 11. h4 h6 12. Nd2 Bh7 13. Qg4 Qe7 14. O-O a5 15. e4 e5 16. g3 d6 17. f4 exf4 18. gxf4 f5 19. exf5 Bxf5 20. Qg3 Qf7 21. Nf3 c5 22. Rae1 Ra7 23. Kh2 Kh7 24. Rg1 Rg8 25. Re3 Re7 26. Ne5 Qh5 27. Ng4 Rxe3 28. Nf6+ Kh8 29. Nxh5 Rxg3 30. Rxg3 Kh7 31. Nxg7 Bb1 32. f5 Nd7 33. f6 Rf8 34. Nf5 Rf7 35. Nxd6 Rf8 36. Rg7+ Kh8 37. Rxd7 Bg6 38. Rg7 Bd3 39. Nf7+ 1-0


[Site "https://www.chess.com"]

[Event "Titled Tuesday Blitz March 29 Early 2022"]
[White "Garv Gaur"]
[Black "Szpar, Milosz"]
[WhiteFideId "45030839"]
[BlackFideId "1184989"]
[WhiteElo "1950"]
[BlackElo "2447"]
[Result "1-0"]
[Round "05"]
[TimeControl "180+1"]
[Date "2022.03.30"]
[WhiteClock "0:01:33"]
[BlackClock "0:00:05"]

1. d4 d5 2. Nf3 Nf6 3. c4 dxc4 4. g3 b5 5. Bg2 Bb7 6. O-O a6 7. a4 c6 8. Ne5 e6 9. Nc3 Qb6 10. e4 Nbd7 11. Nxd7 Nxd7 12. Be3 Qc7 13. d5 Bc5 14. dxe6 Bxe3 15. exd7+ Qxd7 16. Qxd7+ Kxd7 17. fxe3 Ke7 18. e5 Rhd8 19. Rfd1 Ke6 20. axb5 axb5 21. Nxb5 Rxa1 22. Rxa1 cxb5 23. Bxb7 Rd2 24. Rb1 b4 25. Rc1 c3 26. bxc3 b3 27. Rb1 Kxe5 28. Rxb3 g6 29. Bf3 f5 30. Rb5+ Kf6 31. c4 Rc2 32. Rc5 h5 33. h4 Rc3 34. Kf2 Rc2+ 35. Be2 Rc3 36. Kf3 Rc1 37. Ra5 Rc3 38. c5 Ke5 39. c6+ Kd6 40. Ra6 Rc2 41. c7+ Kxc7 42. Rxg6 Rc1 43. Rg5 Ra1 44. Rxh5 Kd6 45. Rxf5 Ke6 46. Rf4 Rh1 47. Kg4 Rh2 48. Bf3 Ke5 49. Kg5 Rh3 50. g4 Rh2 51. Re4+ Kd6 52. h5 Rf2 53. Rf4 Rf1 54. Kg6 Re1 55. h6 Ke5 56. h7 Rxe3 57. Rf5+ Kd6 58. h8=Q Re7 59. Qd4+ Kc7 60. Rc5+ Kb8 61. Qb4+ Rb7 62. Qxb7# 1-0


[Site "https://www.chess.com"]

[Event "Titled Tuesday Blitz March 29 Early 2022"]
[White "Gatterer, Florian"]
[Black "Ianov, Viktor"]
[WhiteFideId "811688"]
[BlackFideId "14102730"]
[WhiteElo "2218"]
[BlackElo "2161"]
[Result "1/2-1/2"]
[Round "05"]
[TimeControl "180+1"]
[Date "2022.03.30"]
[WhiteClock "0:00:20"]
[BlackClock "0:01:50"]

1. b3 d6 2. Bb2 Nd7 3. d4 Ngf6 4. Nf3 g6 5. c4 Bg7 6. e3 O-O 7. Be2 e5 8. dxe5 Ng4 9. Qc1 Ngxe5 10. Nbd2 Nc5 11. Nxe5 dxe5 12. Qc2 Bf5 13. e4 Bd7 14. O-O a5 15. Nf3 Qe7 16. Rfd1 Bc6 17. Ba3 b6 18. Ne1 Rfd8 19. Bf3 a4 20. Rxd8+ Rxd8 21. Rd1 axb3 22. axb3 Rxd1 23. Qxd1 Qd7 24. Bxc5 Qxd1 25. Bxd1 bxc5 26. f3 Bf8 27. Kf2 f6 28. Bc2 Kf7 29. Bd3 Ke6 30. Nc2 Bh6 31. Ne3 Bxe3+ 32. Kxe3 g5 33. g4 Kd6 34. Kd2 Be8 35. Kc3 Kc6 36. h3 h5 37. Bc2 h4 38. Bd3 Kb6 39. Be2 Ka5 40. Bd1 Bd7 41. Be2 Bc6 1/2-1/2


[Site "https://www.chess.com"]

[Event "Titled Tuesday Blitz March 29 Early 2022"]
[White "Goryachkina, Aleksandra"]
[Black "Ilyasli, Ughur"]
[WhiteFideId "4147103"]
[BlackFideId "13416197"]
[WhiteElo "2426"]
[BlackElo "2045"]
[Result "1-0"]
[Round "05"]
[TimeControl "180+1"]
[Date "2022.03.30"]
[WhiteClock "0:00:19"]
[BlackClock "0:00:04"]

1. e4 c5 2. Nf3 Nc6 3. Bb5 g6 4. O-O Bg7 5. Re1 e5 6. b4 Nxb4 7. Bb2 a6 8. a3 axb5 9. axb4 Rxa1 10. Bxa1 cxb4 11. Bxe5 Bxe5 12. Nxe5 Qe7 13. d4 Nf6 14. Nd2 O-O 15. Nd3 d5 16. e5 Nh5 17. h3 Bf5 18. Nf3 Rc8 19. Qd2 Rc3 20. Qh6 Rxc2 21. Ng5 Qxg5 22. Qxg5 Bxd3 23. g4 b3 24. gxh5 b2 25. h6 Rc8 26. Qf6 Kf8 27. e6 1-0


[Site "https://www.chess.com"]

[Event "Titled Tuesday Blitz March 29 Early 2022"]
[White "Guseva, Marina"]
[Black "Bachmann, Axel"]
[WhiteFideId "4149351"]
[BlackFideId "3700488"]
[WhiteElo "2160"]
[BlackElo "2587"]
[Result "0-1"]
[Round "05"]
[TimeControl "180+1"]
[Date "2022.03.30"]
[WhiteClock "0:00:01"]
[BlackClock "0:00:08"]

1. d4 Nf6 2. Nf3 g6 3. Bf4 b6 4. e3 Bg7 5. Be2 Bb7 6. h3 d6 7. O-O O-O 8. a4 a5 9. Nbd2 Nbd7 10. c3 Re8 11. Nc4 Ne4 12. Bh2 e6 13. Nfd2 Ndf6 14. f3 Nxd2 15. Qxd2 Bh6 16. Rfe1 Nd5 17. Bf1 Ba6 18. Qf2 Qg5 19. f4 Qf6 20. g3 Qe7 21. e4 Nf6 22. g4 Nxe4 23. Rxe4 d5 24. Ree1 Bxc4 25. Bg2 c5 26. Rab1 cxd4 27. Qxd4 Bg7 28. Qf2 Qa7 29. Kh1 b5 30. Qf3 bxa4 31. f5 exf5 32. gxf5 Ba2 33. Ra1 a3 0-1


[Site "https://www.chess.com"]

[Event "Titled Tuesday Blitz March 29 Early 2022"]
[White "Guz, Ari"]
[Black "Vakhlamov, Igor L."]
[WhiteFideId "2825759"]
[BlackFideId "24126748"]
[WhiteElo "1913"]
[BlackElo "2401"]
[Result "0-1"]
[Round "05"]
[TimeControl "180+1"]
[Date "2022.03.29"]
[WhiteClock "0:00:57"]
[BlackClock "0:01:06"]

1. e4 c5 2. Nf3 Nc6 3. c3 Nf6 4. h3 Nxe4 5. d4 cxd4 6. cxd4 d5 7. Bd3 Bf5 8. Nc3 e6 9. Qe2 Nxc3 10. bxc3 Bxd3 11. Qxd3 Bd6 12. O-O O-O 13. Ng5 g6 14. Re1 Rc8 15. h4 Be7 16. Bf4 Bf6 17. Qg3 Ne7 18. h5 Nf5 19. Qg4 Nh6 20. Qg3 Nf5 21. Qg4 Rxc3 22. hxg6 hxg6 23. Nxe6 fxe6 24. Qxg6+ Ng7 25. Rxe6 Bxd4 26. Rae1 Qh4 27. Bg3 Rxg3 0-1


[Site "https://www.chess.com"]

[Event "Titled Tuesday Blitz March 29 Early 2022"]
[White "Hamley, Ryan"]
[Black "Mogirzan, Matei-Valeriu"]
[WhiteFideId "30959497"]
[BlackFideId "1257455"]
[WhiteElo "2525"]
[BlackElo "1733"]
[Result "1-0"]
[Round "05"]
[TimeControl "180+1"]
[Date "2022.03.30"]
[WhiteClock "0:00:45"]
[BlackClock "0:00:01"]

1. Nf3 Nc6 2. e4 d6 3. d4 g6 4. Be3 Bg7 5. h3 e5 6. d5 Nce7 7. Nfd2 f5 8. f3 f4 9. Bf2 Nf6 10. c4 g5 11. Nc3 h5 12. b4 g4 13. hxg4 hxg4 14. Rxh8+ Bxh8 15. Qc2 g3 16. Bg1 Ng6 17. c5 Nh4 18. Nc4 b6 19. cxd6 cxd6 20. Nb5 Bd7 21. Nbxd6+ Kf8 22. Rc1 Nh5 23. a4 Qg5 24. a5 b5 25. Na3 Bh3 26. Qc7 Qe7 27. Qc6 Rd8 28. Bc5 Nxf3+ 29. gxf3 g2 30. Bxg2 Qh4+ 31. Kd2 Bxg2 32. Nf5+ 1-0


[Site "https://www.chess.com"]